Map: [ESL] Hard Lead

Players

Dark

  • Race: Zerg Zerg
  • Spawn Location: 5:00

Clem - Winner!

  • Race: Terran Terran
  • Spawn Location: 11:00

Event: ESL SC2 Masters 2023 Winter (Finals)

VOD

Have the link to the VOD?

Description

Time

  • Played on: Dec. 17, 2023, 6:56 p.m.
  • Length: 13:39

All games in this series

Show
View Real Time Build Order
Export as new Build Order

Dark Zerg 

Build Orders: Hatch First 

Get SALT Encoding   

  12  0:00  Drone  
  13  0:12  Overlord  
  13  0:16  Drone  
  14  0:31  Drone x2  
  16  0:47  Hatchery  
  15  0:51  Drone  
  15  0:54  Drone  
  17  0:57  Drone  
  18  1:08  Extractor  
  17  1:13  Spawning Pool  
  17  1:15  Drone  
  17  1:19  Drone  
  18  1:27  Drone  
  19  1:39  Drone  
  20  1:49  Drone  
  21  1:59  Queen x2  
  21  2:01  Zergling x4  
  27  2:08  Metabolic Boost  
  27  2:10  Zergling x2  
  27  2:11  Overlord  
  28  2:31  Hatchery  
  28  2:33  Drone x2  
  28  2:40  Queen  
  28  2:44  Drone  
  31  2:47  Overlord  
  31  2:51  Drone  
  31  2:56  Drone x2  
  34  3:05  Drone  
  35  3:06  Queen  
  38  3:12  Drone  
  38  3:13  Drone x2  
  38  3:17  Drone x3  
  43  3:26  Spore Crawler  
  42  3:28  Overlord  
  42  3:30  Overlord  
  43  3:39  Overlord  
  43  3:42  Queen  
  43  3:44  Queen  
  43  3:45  Zergling x4  
  49  3:51  Drone  
  49  3:52  Drone  
  49  3:53  Drone x3  
  54  3:58  Zergling x6  
  54  4:02  Drone x2  
  58  4:03  Drone  
  59  4:14  Drone x4  
  63  4:19  Spore Crawler, Overlord  
  63  4:22  Drone  
  63  4:24  Drone  
  64  4:34  Drone x3  
  64  4:37  Overlord x2  
  66  4:39  Drone, Spore Crawler  
  66  4:40  Lair  
  66  4:47  Extractor, Overlord  
  66  4:49  Overlord  
  65  4:53  Drone, Overlord  
  65  4:56  Drone x3  
  65  4:57  Drone x2, Roach Warren  
  65  4:59  Drone  
  71  5:02  Drone  
  72  5:07  Drone  
  72  5:10  Extractor, Drone x3  
  72  5:12  Extractor  
  74  5:15  Drone  
  74  5:17  Drone x2  
  74  5:18  Drone  
  74  5:19  Extractor, Drone  
  74  5:20  Extractor  
  77  5:23  Drone x2  
  77  5:25  Drone  
  77  5:26  Drone x2  
  82  5:31  Drone  
  83  5:40  Evolution Chamber x2  
  81  5:43  Hatchery  
  81  5:46  Drone x2  
  81  5:47  Drone  
  81  5:48  Glial Reconstitution  
  82  5:54  Overlord  
  82  5:58  Overlord  
  82  6:02  Roach  
  82  6:03  Roach x4  
  92  6:07  Zerg Missile Weapons Level 1, Zerg Ground Armor Level 1, Roach x2  
  92  6:08  Roach x3  
  104  6:11  Roach  
  104  6:12  Overlord  
  104  6:16  Roach x2  
  104  6:17  Roach  
  110  6:24  Spore Crawler  
  110  6:31  Roach x3  
  116  6:33  Roach x3  
  116  6:37  Roach x3  
  116  6:38  Roach  
  129  6:43  Overlord x2  
  129  6:44  Overlord  
  129  6:46  Overlord  
  129  6:50  Overlord  
  129  6:51  Overlord  
  129  6:53  Overlord  
  129  6:56  Overlord  
  129  6:59  Overlord  
  129  7:02  Roach x2  
  129  7:03  Roach  
  129  7:06  Roach x2  
  139  7:09  Roach  
  139  7:11  Roach x2  
  145  7:17  Roach x2  
  145  7:18  Roach x2  
  145  7:20  Roach  
  155  7:25  Ravager x8  
  155  7:26  Roach  
  165  7:31  Roach x3  
  165  7:33  Roach  
  165  7:34  Roach  
  177  7:37  Roach  
  177  7:40  Roach  
  177  7:41  Roach x2  
  183  7:46  Roach  
  183  7:47  Roach x2  
  183  7:48  Ravager  
  189  7:55  Ravager  
  189  7:56  Ravager  
  189  7:57  Zergling x16  
  147  8:28  Roach x18  
  162  8:36  Roach x5  
  162  8:38  Roach  
  147  8:43  Drone x4  
  147  8:44  Drone  
  147  8:45  Drone  
  147  8:47  Drone x2  
  152  8:52  Zerg Missile Weapons Level 2  
  148  8:58  Ravager x2  
  148  9:01  Drone x2  
  148  9:02  Drone  
  153  9:09  Extractor x2, Zerg Ground Armor Level 2  
  145  9:15  Zergling x24  
  157  9:26  Ravager x3  
  157  9:28  Zergling x18  
  157  9:30  Ravager  
  170  9:31  Zergling x2  
  170  9:32  Ravager  
  170  9:35  Ravager  
  170  9:36  Zergling x2  
  174  9:40  Zergling x2, Ravager  
  174  9:41  Zergling x8  
  174  9:42  Ravager  
  174  9:43  Zergling x2  
  174  9:44  Drone  
  183  9:50  Roach  
  183  9:52  Roach x3  
  190  9:55  Roach x5  
  197  10:01  Roach  
  197  10:06  Hatchery  
  184  10:16  Ravager x4  
  188  10:22  Zergling x2  
  188  10:23  Zergling x20  
  187  10:33  Roach x2  
  187  10:34  Roach x2  
  182  10:39  Roach x2  
  182  10:42  Roach  
  181  10:45  Roach x2  
  181  10:48  Ravager x5  
  181  10:52  Ravager  
  181  10:54  Zergling x8  
  186  10:59  Roach  
  186  11:01  Roach  
  188  11:13  Zergling x6  
  178  11:23  Zergling x2  
  178  11:24  Zergling x4  
  163  11:29  Roach x2  
  160  11:36  Zergling x4  
  160  11:39  Roach  
  155  11:41  Roach x4  
  155  11:43  Hatchery  
  155  11:46  Ravager  
  155  11:47  Roach, Ravager x2  
  165  11:48  Roach  
  165  11:51  Roach  
  165  11:52  Roach  
  173  11:56  Roach  
  169  12:02  Roach x2  
  169  12:08  Roach x2  
  168  12:09  Roach  
  168  12:14  Roach x2  
  174  12:16  Lair  
  174  12:19  Ravager x3  
  174  12:20  Roach x5  
  187  12:26  Roach x2  
  191  12:30  Roach x2  
  191  12:32  Roach x2  
  191  12:34  Ravager  
  197  12:58  Roach x8  
  200  13:03  Roach x9  
  194  13:06  Roach  
  181  13:12  Zergling x2  
  181  13:13  Zergling x2  
  165  13:22  Zergling x20  
  165  13:25  Roach Warren  
Show
View Real Time Build Order
Export as new Build Order

Clem Terran - Winner!

Build Orders: Hellion Opening, Reaper Expand 

Get SALT Encoding   

  12  0:00  SCV  
  13  0:12  SCV  
  14  0:17  Supply Depot  
  14  0:24  SCV  
  15  0:38  SCV  
  15  0:39  Barracks  
  16  0:43  Refinery  
  16  0:50  SCV  
  17  1:02  SCV  
  18  1:15  SCV  
  19  1:26  Reaper  
  19  1:27  Orbital Command  
  20  1:38  Command Center  
  20  1:46  Supply Depot  
  20  1:53  SCV  
  21  1:58  Marine  
  22  2:05  SCV  
  23  2:10  Factory  
  23  2:17  SCV  
  23  2:20  Barracks Reactor  
  24  2:29  SCV  
  25  2:41  SCV  
  25  2:42  Command Center  
  26  2:50  Orbital Command  
  26  2:53  SCV  
  27  2:58  Starport  
  27  3:02  Refinery  
  27  3:06  SCV  
  27  3:09  Hellion  
  32  3:13  Hellion  
  32  3:18  SCV x2  
  32  3:19  Barracks Tech Lab  
  34  3:30  Hellion, SCV x2  
  40  3:34  Hellion  
  40  3:42  SCV  
  40  3:43  SCV  
  40  3:44  Viking  
  44  3:54  Hellion, SCV  
  50  3:55  Hellion, SCV  
  50  3:59  Orbital Command  
  50  4:06  SCV  
  50  4:07  Barracks Tech Lab, Supply Depot  
  51  4:12  SCV  
  51  4:14  Liberator  
  55  4:18  SCV  
  56  4:24  SCV  
  56  4:27  Hellion  
  56  4:28  Hellion, SCV  
  56  4:30  SCV  
  63  4:32  Marine  
  63  4:36  Stimpack, SCV  
  63  4:38  Supply Depot  
  61  4:42  Barracks x2  
  61  4:44  SCV x2  
  63  4:49  SCV  
  63  4:50  Marine  
  65  4:55  Refinery  
  65  4:56  SCV x2, Refinery  
  67  5:01  Supply Depot  
  67  5:02  SCV  
  67  5:06  Engineering Bay x2  
  67  5:07  Starport Reactor  
  68  5:08  SCV  
  68  5:10  Siege Tank  
  68  5:11  SCV  
  68  5:12  Marine  
  74  5:17  Supply Depot  
  74  5:21  SCV  
  74  5:22  SCV  
  74  5:24  Supply Depot  
  74  5:26  Orbital Command  
  76  5:32  Barracks  
  76  5:34  Barracks, SCV  
  77  5:35  Terran Infantry Weapons Level 1, Terran Infantry Armor Level 1  
  77  5:36  SCV  
  77  5:37  Marine  
  79  5:44  Siege Tank  
  79  5:46  SCV  
  79  5:48  SCV  
  84  5:51  Starport Reactor  
  84  5:52  Supply Depot, SCV  
  84  5:54  Marine x3  
  84  5:55  Marine  
  89  5:58  Marine, SCV  
  89  6:00  SCV  
  93  6:04  SCV  
  93  6:10  SCV, Supply Depot  
  94  6:11  Marine  
  94  6:12  Factory, Marine  
  94  6:13  Armory  
  94  6:15  Marine, SCV  
  94  6:16  Combat Shield  
  98  6:21  Siege Tank  
  98  6:22  Marine  
  98  6:23  SCV, Supply Depot  
  103  6:26  Barracks Reactor  
  103  6:29  Barracks Reactor, Marine  
  103  6:30  SCV x2  
  106  6:35  SCV  
  106  6:37  Refinery  
  106  6:39  Supply Depot, Refinery  
  107  6:40  Supply Depot  
  107  6:41  Marine, Supply Depot  
  107  6:42  SCV x2  
  107  6:46  Medivac  
  112  6:47  Medivac, SCV  
  112  6:48  Bunker  
  112  6:50  Marine x2  
  112  6:51  Marine, Supply Depot  
  118  6:57  SCV  
  118  6:58  Factory Tech Lab  
  116  7:02  Siege Tank  
  116  7:03  Marine x4  
  116  7:04  SCV  
  116  7:07  Marine x2  
  127  7:08  Marine  
  127  7:17  Siege Tank, Command Center, Marine  
  127  7:18  Marine  
  127  7:21  Marine  
  133  7:22  Marine  
  133  7:23  Marine  
  133  7:25  Marine, Medivac x2  
  133  7:26  Marine  
  133  7:29  Marine  
  142  7:30  Marine  
  142  7:35  Terran Infantry Weapons Level 2, Marine x2  
  145  7:39  Marine  
  145  7:40  Marine x2  
  148  7:46  Concussive Shells  
  148  7:48  Barracks  
  148  7:50  Barracks x2, Terran Infantry Armor Level 2, Marine  
  149  7:56  Marine  
  149  7:57  Marine, Marauder  
  153  8:00  Terran Vehicle Weapons Level 1  
  153  8:04  Marine  
  153  8:05  Marine x3  
  157  8:14  Marine  
  157  8:19  Marine x2  
  157  8:20  Siege Tank, Supply Depot, Marauder  
  157  8:21  Supply Depot  
  157  8:22  Siege Tank, Marine x3, Medivac  
  157  8:23  Marine  
  157  8:24  Marine  
  145  8:32  Marine  
  124  8:37  Marine x2  
  124  8:39  SCV  
  124  8:40  SCV x2  
  124  8:41  Barracks Tech Lab, Marine  
  121  8:42  Marauder  
  121  8:43  Barracks Tech Lab  
  121  8:45  Barracks Tech Lab  
  121  8:46  Marine  
  122  8:49  Marine  
  122  8:50  Marine  
  122  8:51  SCV  
  122  8:52  SCV x2  
  122  8:53  Siege Tank  
  122  8:54  Medivac x2  
  133  9:00  Siege Tank, Marine x4  
  140  9:03  SCV  
  140  9:07  Marauder x2  
  140  9:08  Marauder, Marine x2  
  140  9:09  SCV  
  148  9:10  SCV  
  148  9:13  Planetary Fortress  
  148  9:14  Marine x2  
  148  9:16  SCV  
  152  9:19  Marauder, Marine x2  
  152  9:21  SCV, Marine  
  152  9:22  SCV, Marine  
  160  9:25  Marine  
  160  9:28  SCV  
  160  9:30  Siege Tank  
  160  9:31  Marauder, Marine  
  168  9:32  Marine  
  168  9:33  SCV, Marine  
  168  9:34  SCV  
  172  9:40  Sensor Tower  
  172  9:43  Siege Tank, Marine x2  
  177  9:54  Marine  
  177  9:55  Marine x3  
  177  9:57  Marauder x2  
  177  9:58  Marauder  
  186  10:02  Siege Tank  
  186  10:06  Marine, Medivac  
  185  10:07  Command Center  
  185  10:08  Marine  
  185  10:10  Marine  
  185  10:12  SCV  
  186  10:16  Sensor Tower, Marauder  
  188  10:23  Sensor Tower  
  188  10:27  Marine, SCV  
  188  10:28  SCV, Marine x5  
  188  10:29  Marine  
  188  10:30  Siege Tank  
  188  10:31  Marine x3  
  188  10:36  Marine  
  188  10:40  Medivac x2  
  188  10:41  Siege Tank, Marine  
  188  10:42  SCV  
  188  10:47  Refinery  
  188  10:48  Refinery  
  187  10:56  Terran Infantry Weapons Level 3, Marine x2  
  188  10:59  Supply Depot  
  188  11:07  Marine  
  188  11:08  Marine  
  188  11:09  Marine  
  188  11:10  Marine x4, Marauder, Ghost Academy  
  186  11:13  Medivac  
  186  11:15  Marine  
  186  11:16  Marine  
  186  11:18  Siege Tank, Marine  
  185  11:19  Marine  
  185  11:22  Medivac  
  185  11:24  Marine  
  170  11:26  Marine  
  170  11:27  Marine  
  170  11:28  Marauder, Marine x3  
  170  11:30  Marine  
  170  11:31  Siege Tank  
  167  11:33  Marine  
  163  11:41  Ghost  
  163  11:42  Marine  
  163  11:43  Command Center  
  163  11:46  Ghost  
  168  11:47  Marine  
  168  11:48  Marine  
  168  11:49  Marine x3  
  168  11:50  Siege Tank, Marine  
  177  11:55  Marine x2  
  177  12:00  Marine x2  
  178  12:05  Marine  
  178  12:06  Marine  
  178  12:07  Marine  
  178  12:08  Marine x2  
  178  12:09  SCV  
  178  12:12  Planetary Fortress  
  178  12:15  Sensor Tower  
  177  12:18  Siege Tank, Marine x2  
  177  12:19  SCV  
  177  12:21  Sensor Tower  
  183  12:23  Refinery  
  183  12:25  Refinery  
  183  12:28  Siege Tank  
  186  12:31  Marine  
  186  12:32  Marine  
  186  12:33  Marauder x2  
  192  12:43  Command Center  
  192  12:52  Fusion Core, Starport  
  192  12:56  Ghost  
  180  12:59  Ghost  
  180  13:01  Marauder  
  180  13:02  Ghost  
  180  13:03  Marine  
  180  13:04  Marine  
  167  13:06  Marine  
  167  13:07  Marine  
  167  13:08  Marine  
  167  13:09  Marine x2  
  167  13:12  Marine  
  161  13:21  Marine  
Tags
 
Add a new tag
Caveats
  • Supply blocks, unpowered buildings, or Contaminate may cause inaccurate times.
  • Supply counts are checked every 10 seconds.